 Dungeon Crawl Stone Soup version 0.28-a0-793-g31680bbd8b (webtiles) character file.

Game seed: 3532992051792727010

1295 Gwenloh the Purveyor of Pain (level 8, -5/41 HPs)
             Began as a Deep Elf Necromancer on Nov 4, 2021.
             Was an Initiate of Kikubaaqudgha.
             Killed from afar by a white imp (12 damage)
             ... with a puff of frost
             ... on level 6 of the Dungeon.
             The game lasted 00:30:41 (8597 turns).

Gwenloh the Purveyor of Pain (Deep Elf Necromancer) Turns: 8597, Time: 00:30:41

Health: -5/41      AC:  2    Str:  5    XL:     8   Next: 30%
Magic:  25/31      EV: 16    Int: 23    God:    Kikubaaqudgha [......]
Gold:   241        SH:  0    Dex: 15    Spells: 10/23 levels left

rFire   . . .      SeeInvis .   w - +0 rapier
rCold   . . .      Faith    .   (no shield)
rNeg    . . .      Spirit   .   a - +0 robe
rPois   .          Reflect  .   (no helmet)
rElec   .          Harm     .   (no cloak)
rCorr   .          Rampage  .   (no gloves)
Will    .....                   (no boots)
Stlth   ++........              l - amulet of the acrobat
HPRegen 0.13/turn               f - +4 ring of evasion
MPRegen 0.22/turn               t - ring of magical power

@: hasted, very quick
A: no striking features
a: Renounce Religion


You were on level 6 of the Dungeon.
You worshipped Kikubaaqudgha.
Kikubaaqudgha was noncommittal.
You visited 2 branches of the dungeon, and saw 7 of its levels.

You collected 267 gold pieces.
You spent 26 gold pieces at shops.

Inventory:

Hand Weapons
 b - a +0 short sword
 w - a +0 rapier (weapon)
Missiles
 c - 189 stones
 n - 4 curare-tipped darts
 o - 3 datura-tipped darts
 s - 4 boomerangs (quivered)
 u - 14 poisoned darts
Armour
 a - a +0 robe (worn)
Magical Staves
 p - a staff of conjuration
Jewellery
 f - a +4 ring of evasion (left hand)
 l - an amulet of the acrobat (around neck)
 t - a ring of magical power (right hand)
Scrolls
 g - a scroll of blinking
 k - 2 scrolls of teleportation
 q - a scroll of magic mapping
 v - a scroll of summoning {unknown}
Potions
 d - a potion of heal wounds
 h - a potion of curing
 i - a potion of lignification {unknown}
 j - a potion of degeneration {unknown}
 m - a potion of cancellation {unknown}
 r - a potion of attraction {unknown}


   Skills:
 - Level 2.4 Dodging
 - Level 2.4 Stealth
 + Level 8.2 Spellcasting
 * Level 11.0 Necromancy


You had 10 spell levels left.
You knew the following spells:

 Your Spells              Type           Power      Damage    Failure   Level
a - Pain                  Necr           100%       1d9       1%          1
b - Vampiric Draining     Necr           56%        2d10      1%          3
c - Agony                 Necr           56%        N/A       1%          5
d - Animate Dead          Necr           28%        N/A       1%          4

Your spell library contained the following spells:

 Spells                   Type           Power      Damage    Failure   Level
 Animate Skeleton         Necr           100%       N/A       1%          1
 Sublimation of Blood     Necr           56%        N/A       1%          2
 Freeze                   Ice            36%        1d6       7%          1
 Slow                     Hex            36%        N/A       7%          1
 Confusing Touch          Hex            9%         N/A       21%         3
 Frozen Ramparts          Ice            18%        1d3       21%         3
 Hailstorm                Conj/Ice       9%         3d4       56%         4
 Petrify                  Tmut/Erth      9%         N/A       56%         4
 Irradiate                Conj/Tmut      4%         3d14      88%         5


Dungeon Overview and Level Annotations

Branches:
Dungeon (6/15)             Temple (1/1) D:5

Altars:
Ashenzari
Cheibriados
Dithmenos
Elyvilon
Gozag
Kikubaaqudgha
Okawaru
Ru
Sif Muna
Trog
Uskayaw
Wu Jian
Xom
Yredelemnul
Zin
The Shining One

Shops:
D:4 ?


Message History

Aiming: Vampiric Draining (safe; 1% risk of failure)
Press: ? - help, Shift-Dir - straight line, f/p - iguana
Aim: an iguana (severely wounded)
You draw life force from the iguana.
You feel life coursing into your body.
The white imp lashes its tail.
The white imp hits you. The white imp freezes you. The iguana bites you!
Casting: Vampiric Draining (safe; 1% risk of failure)
Confirm with . or Enter, or press ? or * to list all spells.
Aiming: Vampiric Draining (safe; 1% risk of failure)
Press: ? - help, Shift-Dir - straight line, f/p - iguana
Aim: an iguana (almost dead)
You draw life force from the iguana.
You kill the iguana!
Kikubaaqudgha accepts your kill.
You feel life coursing into your body. The white imp closely misses you.
Your Necromancy skill increases to level 11!
You hit the white imp but do no damage. The white imp hits you.
The white imp freezes you. The white imp gestures at you.
The puff of frost hits you!
You feel yourself speed up. The white imp gestures at you.
The puff of frost hits you.
* * * LOW HITPOINT WARNING * * *
You barely miss the white imp. You hit the white imp.
The white imp is moderately wounded.
The white imp hits you.
* * * LOW HITPOINT WARNING * * *
The white imp freezes you.
* * * LOW HITPOINT WARNING * * *
You hit the white imp.
The white imp is heavily wounded.
The white imp closely misses you.
You hit the white imp.
The white imp is severely wounded.
The white imp gestures at you. The puff of frost hits you!
You die...
Kikubaaqudgha rasps: "You have failed me!
Welcome... death!"

#....# #....# #
#....# . #....# .
########....#####.
##.....##..........
##.......#....####..
#.............# ##.
#..@5...>.##.## .
#.........##.# .
#.........##.. .
#.............# #
##.......###.##
#.........##.#
#......>..##.#
#.........#
#.........#


You could see a white imp.

Vanquished Creatures
  Eustachio (D:6)
  2 water moccasins (D:5)
  A sky beast (D:5)
  2 ogres (D:4)
  A lemure (D:5)
  A jelly (D:4)
  4 hounds
  An orc priest (D:3)
  3 iguanas
  Natasha (thrice) (D:3)
  4 orc wizards
  A hound skeleton (D:2)
  5 adders
  6 worms
  3 dart slugs
  13 orcs
  8 bats
  8 endoplasms
  4 giant cockroaches
  4 goblins
  10 hobgoblins
  4 jackals
  2 quokkas
  5 ball pythons
  5 frilled lizards
  6 kobolds
  4 rats
111 creatures vanquished.

Vanquished Creatures (collateral kills)
  A water moccasin skeleton (D:5)
  A howler monkey zombie (D:4)
  A white imp (D:5)
3 creatures vanquished.

Vanquished Creatures (others)
  2 plants (D:5)
2 creatures vanquished.

Grand Total: 116 creatures vanquished

Notes
Turn   | Place    | Note
-------+----------+-------------------------------------------
     0 | D:1      | Gwenloh the Deep Elf Necromancer began the quest for the
                  | Orb.
     0 | D:1      | Reached XP level 1. HP: 10/10 MP: 6/6
   326 | D:1      | Reached skill level 5 in Necromancy
   620 | D:1      | Reached XP level 2. HP: 12/15 MP: 5/8
   872 | D:1      | Found a faded altar of an unknown god.
  1360 | D:1      | Reached XP level 3. HP: 17/19 MP: 7/10
  1488 | D:1      | Learned a level 3 spell: Vampiric Draining
  2060 | D:2      | Reached skill level 6 in Necromancy
  2462 | D:2      | Reached XP level 4. HP: 24/24 MP: 4/12
  2467 | D:2      | Learned a level 4 spell: Animate Dead
  3268 | D:2      | Noticed a phantom
  3777 | D:3      | Reached XP level 5. HP: 28/28 MP: 7/14
  3863 | D:3      | Reached skill level 7 in Necromancy
  3984 | D:3      | Reached skill level 5 in Spellcasting
  4075 | D:3      | Noticed Natasha
  4219 | D:3      | Killed Natasha
  4292 | D:3      | Noticed Natasha
  4302 | D:3      | Killed Natasha
  4511 | D:3      | Noticed Natasha
  4515 | D:3      | Killed Natasha
  4516 | D:3      | Reached XP level 6. HP: 30/32 MP: 4/16
  4841 | D:3      | Learned a level 5 spell: Agony
  5054 | D:4      | Reached skill level 8 in Necromancy
  5629 | D:4      | Reached XP level 7. HP: 27/36 MP: 16/18
  5787 | D:4      | Found Coruur's Magic Scroll Shoppe.
  5797 | D:4      | Reached skill level 9 in Necromancy
  5871 | D:4      | Bought a scroll of identify for 26 gold pieces
  6252 | D:5      | Entered Level 5 of the Dungeon
  6333 | D:5      | Found a glowing silver altar of Zin.
  6384 | D:5      | Found a basalt altar of Yredelemnul.
  7145 | D:5      | Reached skill level 10 in Necromancy
  7234 | D:5      | Found a staircase to the Ecumenical Temple.
  7427 | D:5      | Reached XP level 8. HP: 37/41 MP: 21/21
  7916 | D:5      | HP: 2/41 [white imp (5)]
  8121 | D:6      | Noticed Eustachio
  8126 | D:6      | Killed Eustachio
  8183 | D:6      | Found a snail-covered altar of Cheibriados.
  8203 | Temple   | Entered the Ecumenical Temple
  8226 | Temple   | Became a worshipper of Kikubaaqudgha
  8592 | D:6      | Reached skill level 11 in Necromancy
  8597 | D:6      | Killed from afar by a white imp

Illustrated notes

Levels and vault maps discovered:
D:1:      minmay_arrival_stone_box, layout_basic, serial_curves, eino_curves_02,
          eino_curves_04, chequers_ecumenical_altar_lobes,
          hangedman_abyss_or_decor_stabs, chequers_serial_rivers_micro_d
D:2:      layout_basic
D:3:      layout_loops_cross, uniq_natasha
D:4:      layout_basic, serial_shops, shop, hangedman_abyss_or_decor_slice,
          corner_web_ring
D:5:      layout_basic, nicolae_overflow_crystal_walls, zin_treasury,
          minmay_temple_entry_from_below_a, serial_bayou_crossing
D:6:      layout_rooms, nemelex_dance_club_becter, amcnicky_altar_gilded,
          serial_shops, shop, uniq_duvessa, uniq_eustachio, uniq_pikel
Temple:   cyrus_circular_temple

Skill      XL: |  1  2  3  4  5  6  7  8 |
---------------+-------------------------+-----
Necromancy     | 5 6 7 8 10 11 | 11.0
Spellcasting   | 4 5 6 7 8 |  8.2
Dodging        | |  2.4
Stealth        | |  2.4

Action                   |  1- 3 |  4- 6 |  7- 9 || total
-------------------------+-------+-------+-------++-------
Melee: Unarmed           |     1 |       |       ||     1
       Short sword       |     1 |    16 |    29 ||    46
       Rapier            |       |       |    20 ||    20
Throw: Stone             |    22 |    25 |     2 ||    49
       Dart              |       |     5 |     4 ||     9
       Boomerang         |       |       |     4 ||     4
 Cast: Pain              |    67 |    75 |    34 ||   176
       Vampiric Draining |     4 |    18 |    21 ||    43
       Animate Dead      |       |     2 |     9 ||    11
       Agony             |       |     2 |     4 ||     6
  Use: Scroll            |       |       |     3 ||     3
       Potion            |       |       |     5 ||     5
Armor: Robe              |     1 |     4 |     7 ||    12
Dodge: Dodged            |     4 |    27 |    55 ||    86

Table legend: (Time is in decaauts)
 A = Elapsed time spent in this place.
 B = Non-inter-level travel time spent in this place.
 C = Inter-level travel time spent in this place.
 D = Time resting spent in this place.
 E = Time spent auto-exploring this place.
 F = Levels seen in this place.
 G = Mean time per level.
                   A        B        C        D        E       F      G
               +--------+--------+--------+--------+--------+-----+--------+
         Total |   8605 |   8072 |    533 |   2442 |   3360 |   7 | 1229.3 |
       Dungeon |   8544 |   8011 |    533 |   2442 |   3329 |   6 | 1424.0 |
        Temple |     60 |     60 |      0 |      0 |     31 |   1 |   60.0 |
               +--------+--------+--------+--------+--------+-----+--------+

Top non-repeatable levels by time:
     D:5: 2129 daAuts
     D:2: 1925 daAuts
     D:1: 1829 daAuts
     D:3: 1303 daAuts
     D:4: 1202 daAuts
     D:6: 155 daAuts
  Temple: 60 daAuts
